 Dungeon Crawl Stone Soup version 0.27-a0-1137-g3ef0f4ec91 (webtiles) character file.

Game seed: 294049150349194690

72 kae the Slasher (level 4, 0/33 (35) HPs)
             Began as a Demonspawn Abyssal Knight on May 6, 2021.
             Was a Believer of Lugonu.
             Slain by a wight
             ... wielding a +0 halberd
              (8 damage)
             ... on level 3 of the Dungeon.
             The game lasted 00:01:35 (3181 turns).

kae the Slasher (Demonspawn Abyssal Knight)         Turns: 3181, Time: 00:01:35

HP:   0/33 (35)     AC:  6    Str: 13    XL:     4   Next: 7%
MP:   5/5           EV: 10    Int: 14    God:    Lugonu [**....]
Gold: 158           SH:  0    Dex: 12    Spells: 3/3 levels left

rFire    . . .     SeeInvis .   a - +2 falchion
rCold    . . .     Faith    .   (no shield)
rNeg     . . .     Spirit   .   f - +1 ring mail
rPois    .         Reflect  .   (no helmet)
rElec    .         Harm     .   (no cloak)
rCorr    .         Rampage  .   (no gloves)
Will     .....                  (no boots)
Stlth    +.........             (no amulet)
HPRegen  0.11/turn              e - ring of flight
MPRegen  0.09/turn              (no ring)

@: flying, drained
A: claws 1, demonic guardian 1
a: Renounce Religion, Depart the Abyss, Bend Space


You were on level 3 of the Dungeon.
You worshipped Lugonu.
Lugonu was pleased with you.
You visited 1 branch of the dungeon, and saw 3 of its levels.
You visited the Abyss 1 time.

You collected 158 gold pieces.

Inventory:

Hand Weapons
 a - a +2 falchion (weapon)
 d - a +0 long sword
Armour
 b - a +0 leather armour
 f - a +1 ring mail (worn)
Jewellery
 e - a ring of flight (left claw)
Scrolls
 i - a scroll of teleportation {unknown}
 j - a scroll of fog {unknown}
Potions
 c - a potion of magic
 g - a potion of brilliance {unknown}
 h - a potion of degeneration {unknown}
 k - 4 potions of heal wounds {unknown}
 l - 2 potions of might {unknown}


   Skills:
 - Level 3.0 Fighting
 - Level 4.0 Long Blades
 - Level 1.7 Armour
 - Level 0.8 Dodging
 * Level 0.1 Unarmed Combat
 - Level 2.4 Invocations


You had 3 spell levels left.
You didn't know any spells.
Your spell library contained the following spells:

 Spells                   Type           Power      Damage    Failure   Level
 Animate Skeleton         Necr           0%         N/A       52%         1
 Pain                     Necr           0%         1d4       52%         1
 Vampiric Draining        Necr           0%         2d6       88%         3
 Animate Dead             Necr           0%         N/A       99%         4
 Agony                    Necr           0%         N/A       100%        5


Dungeon Overview and Level Annotations

Branches:
Dungeon (3/15)

Altars:
Dithmenos
Uskayaw


Innate Abilities, Weirdness & Mutations

You have sharp fingernails.
A weak demonic guardian rushes to your aid.


Message History

No target in view!
j - a scroll labelled IPLYMA QYSEUT No target in view!
No target in view!
Found a stone staircase leading up.
No target in view!
No target in view!
There is a stone staircase leading up here.
Found a cloak.
You see here a +0 cloak.
You see here a +0 cloak.
A wight comes into view. It is wielding a +0 halberd.
A wight is nearby!
No target in view!
The wight misses you.
A wight is nearby!
The wight hits you with a +0 halberd!
You feel drained.
You slash the wight!
The wight is heavily damaged.
The wight hits you with a +0 halberd!
A wight is nearby!
You are too injured to fight recklessly!
You are too injured to fight recklessly!
A wight is nearby!
You are too injured to fight recklessly!
You are too injured to fight recklessly!
You are too injured to fight recklessly!
You are too injured to fight recklessly!
You are too injured to fight recklessly!
You are too injured to fight recklessly!
You hit the wight.
The wight is severely damaged.
The wight hits you with a +0 halberd.
* * * LOW HITPOINT WARNING * * *
You feel drained.
* * * LOW HITPOINT WARNING * * *
You hit the wight.
The wight is almost destroyed.
The wight hits you with a +0 halberd!
You die...

######### #.......#
#.####### #[#
#.###########
##.#.....PP..#
#..############# ###
##..............# ..#
####..######@#####.
#.# #....###...#z#...#
#.###......###.#.#.###
..........## #.#.#.#
..........# ###.###
..........# ....
...##...### ....
.#.##...# ...
...######


You could see a wight.

Vanquished Creatures
  An adder (D:2)
  7 endoplasms
  4 giant cockroaches
  3 goblins
  7 hobgoblins
  7 jackals
  5 kobolds (D:1)
  A quokka (D:2)
  5 ball pythons
  4 bats
  5 frilled lizards
  6 rats
55 creatures vanquished.

Vanquished Creatures (collateral kills)
  A hobgoblin (D:2)
1 creature vanquished.

Grand Total: 56 creatures vanquished

Notes
Turn   | Place    | Note
-------+----------+-------------------------------------------
     0 | Abyss:1  | kae the Demonspawn Abyssal Knight began the quest for the
                  | Orb.
     0 | Abyss:1  | Reached XP level 1. HP: 18/18 MP: 2/2
    56 | Abyss:1  | Noticed a hell hog
    58 | D:1      | Escaped the Abyss
   324 | D:1      | Reached skill level 2 in Long Blades
   607 | D:1      | Gained mutation: A weak demonic guardian rushes to your
                  | aid. [demonic ancestry]
   607 | D:1      | Reached XP level 2. HP: 24/24 MP: 3/3
  1170 | D:1      | Reached skill level 3 in Long Blades
  1492 | D:2      | Reached XP level 3. HP: 15/29 MP: 4/4
  1924 | D:2      | Reached ** piety under Lugonu
  2555 | D:3      | Found a shadowy altar of Dithmenos.
  2723 | D:3      | Gained mutation: You have sharp fingernails. [demonic
                  | ancestry]
  2723 | D:3      | Reached XP level 4. HP: 35/35 MP: 5/5
  2725 | D:3      | Reached skill level 4 in Long Blades
  2920 | D:3      | Found a hide-covered altar of Uskayaw.
  3088 | D:3      | Found a faded altar of an unknown god.
  3181 | D:3      | Slain by a wight

Illustrated notes

Levels and vault maps discovered:
D:1:      dpeg_arrival_circle_labyrinth_c, layout_basic, serial_bayou_pond_d
D:2:      layout_basic, minmay_hedge_maze, chequers_serial_rivers_small_3
D:3:      layout_loops_cross, pf_just_have_faith,
          nicolae_dithmenos_shadow_blocks, chequers_ecumenical_altar_lobes,
          serial_aquarium, aquarium_bridge_square [aquarium_subvault_bridge,
          aquarium_subvault_bridge, aquarium_subvault_bridge,
          aquarium_subvault_window], aquarium_window_1,
          aquarium_window_corridor_1, aquarium_view_2d, aquarium_view_2d,
          aquarium_balcony_3b, aquarium_pool_five, corexii_hall_statues_l

Skill      XL: |  1  2  3  4 |
---------------+-------------+-----
Long Blades    | 2 3 4 |  4.0
Fighting       | |  3.0
Armour         | |  1.7
Dodging        | |  0.8
Unarmed Combat | |  0.1
Invocations    | |  2.4

Action                   |  1- 3 |  4- 6 || total
-------------------------+-------+-------++-------
Melee: Falchion          |   153 |    11 ||   164
       Long sword        |     5 |       ||     5
  Use: Scroll            |     5 |       ||     5
 Stab: Sleeping          |     2 |       ||     2
Armor: Leather armour    |    21 |       ||    21
       Ring mail         |    50 |     2 ||    52
Dodge: Dodged            |   102 |     3 ||   105
       Rpst.: Long sword |     2 |       ||     2
       Falchion          |    34 |     1 ||    35

Table legend: (Time is in decaauts)
 A = Elapsed time spent in this place.
 B = Non-inter-level travel time spent in this place.
 C = Inter-level travel time spent in this place.
 D = Time resting spent in this place.
 E = Time spent auto-exploring this place.
 F = Levels seen in this place.
 G = Mean time per level.
                   A        B        C        D        E       F      G
               +--------+--------+--------+--------+--------+-----+--------+
         Total |   3211 |   3072 |    139 |      6 |   2681 |   4 |  802.8 |
       Dungeon |   3153 |   3014 |    139 |      6 |   2628 |   3 | 1051.0 |
         Abyss |     58 |     58 |      0 |      0 |     53 |   1 |   58.0 |
               +--------+--------+--------+--------+--------+-----+--------+

Top non-repeatable levels by time:
     D:1: 1608 daAuts
     D:2: 850 daAuts
     D:3: 694 daAuts
 Abyss:1: 58 daAuts
